PCL
DISTRICT 9 PRAWNS @ HOUSTON HAMMERTIME
08/26/2028
 
TOP OF THE 1ST
District 9 Prawns batting - Pitching for Houston Hammertime : RHP Jun Kawashima
Pitching: RHP Jun Kawashima
Batting: SHB José Estreito 0-0: Ball
1-0: Foul Ball, location: 2F
1-1: SINGLE (Groundball, 5D)
Batting: RHB José Colón 0-0: Ball
1-0: Called Strike
1-1: Foul Ball, location: 2F
1-2: Ball
2-2: Fly out, F7 (Line Drive, 78S)
Batting: RHB Felipe Jareńo 0-0: Ball
1-0: Ball
2-0: Called Strike
2-1: Ball
3-1: Foul Ball, location: 2F
3-2: Strikes out swinging
José Estreito steals 2nd base
Batter strikes out.
Batting: LHB Leonard Young 0-0: Called Strike
0-1: Ball
1-1: Ball
2-1: DOUBLE (Line Drive, 9LM)
José Estreito scores
Batting: RHB Jesús Cruz 0-0: Ball
1-0: Ball
2-0: Called Strike
2-1: Foul Ball, location: 2F
2-2: Ground out 4-3 (Groundball, 4)
Top of the 1st over - 1 run(s), 2 hit(s), 0 error(s), 1 left on base; District 9 1 - Houston 0
BOTTOM OF THE 1ST
Houston Hammertime batting - Pitching for District 9 Prawns : LHP Nelson Béltre
Pitching: LHP Nelson Béltre
Batting: RHB José García 0-0: Ground out 6-3 (Groundball, 6MS)
Batting: RHB David Hernández 0-0: Swinging Strike
0-1: Foul Ball, location: 2F
0-2: DOUBLE (Line Drive, 7LD)
Batting: RHB Pedro Meza 0-0: SINGLE (Groundball, 4D)
David Hernández to third
Runner from 3rd tries for Home, SAFE, throw made home
Pedro Meza to second
Batting: LHB Pablo Rivas 0-0: DOUBLE (Flyball, 9D)
Pedro Meza scores
Batting: RHB John Major 0-0: Ball
1-0: Called Strike
1-1: Swinging Strike
1-2: Ball
2-2: Ball
3-2: Foul Ball, location: 2F
3-2: Strikes out looking
Batting: RHB Santo Cruz 0-0: Fly out, F8 (Flyball, 8RS)
Bottom of the 1st over - 2 run(s), 3 hit(s), 0 error(s), 1 left on base; District 9 1 - Houston 2
TOP OF THE 2ND
District 9 Prawns batting - Pitching for Houston Hammertime : RHP Jun Kawashima
Batting: RHB Reynold Akker 0-0: Ball
1-0: Called Strike
1-1: Foul Ball, location: 2F
1-2: Strikes out looking
Batting: RHB Carlos Flores 0-0: Foul Ball, location: 2F
0-1: Swinging Strike
0-2: Foul Ball, location: 2F
0-2: Ball
1-2: Foul Ball, location: 2F
1-2: Ball
2-2: Foul Ball, location: 2F
2-2: Foul Ball, location: 2F
2-2: Ball
3-2: Foul Ball, location: 2F
3-2: Strikes out looking
Batting: LHB Leonard Harvey 0-0: Called Strike
0-1: Ground out 4-3 (Groundball, 4)
Top of the 2nd over - 0 run(s), 0 hit(s), 0 error(s), 0 left on base; District 9 1 - Houston 2
BOTTOM OF THE 2ND
Houston Hammertime batting - Pitching for District 9 Prawns : LHP Nelson Béltre
Batting: LHB António Camacho 0-0: Called Strike
0-1: Ball
1-1: Foul Ball, location: 2F
1-2: Ground out 6-3 (Groundball, 6S)
Batting: RHB Victor Andrews 0-0: Called Strike
0-1: Foul Ball, location: 2F
0-2: Foul Ball, location: 2F
0-2: Reached on error, E5 (Groundball, 5)
Batting: LHB Enrique Valentín 0-0: Ball
1-0: Ball
2-0: Ball
3-0: Called Strike
3-1: Base on Balls
Victor Andrews to second
Batting: RHB José García 0-0: Ball
1-0: Foul Ball, location: 2F
1-1: Ball
2-1: Ball
3-1: Fielders Choice at 2nd, 4-6 (Groundball, 4M)
Victor Andrews to third
Batting: RHB David Hernández 0-0: Ball
1-0: Called Strike
1-1: SINGLE (Groundball, 34D)
Victor Andrews scores
José García to second
Runner from 2nd tries for 3rd, SAFE, throw made to third
Batting: RHB Pedro Meza 0-0: Called Strike
0-1: Foul Ball, location: 2F
0-2: Fielders Choice at 2nd, 6-4 (Groundball, 6)
Bottom of the 2nd over - 1 run(s), 1 hit(s), 1 error(s), 1 left on base; District 9 1 - Houston 3
TOP OF THE 3RD
District 9 Prawns batting - Pitching for Houston Hammertime : RHP Jun Kawashima
Batting: RHB Phil Jacobs 0-0: Called Strike
0-1: Ball
1-1: Foul Ball, location: 2F
1-2: Ground out 4-3 (Groundball, 4)
Batting: SHB José Estreito 0-0: Ball
1-0: Called Strike
1-1: SINGLE (Groundball, 56D)
Batting: RHB José Colón 0-0: Ball
José Estreito is caught stealing 2nd base
1-0: SINGLE (Line Drive, 7LS)
Batting: RHB Felipe Jareńo 0-0: Swinging Strike
0-1: Ball
1-1: Fly out, F9 (Flyball, 89S)
Top of the 3rd over - 0 run(s), 2 hit(s), 0 error(s), 1 left on base; District 9 1 - Houston 3
BOTTOM OF THE 3RD
Houston Hammertime batting - Pitching for District 9 Prawns : LHP Nelson Béltre
Batting: LHB Pablo Rivas 0-0: Ball
1-0: Ball
2-0: Ball
3-0: Base on Balls
Batting: RHB John Major 0-0: Called Strike
0-1: Ball
1-1: Ball
2-1: Foul Ball, location: 2F
2-2: Foul Ball, location: 2F
2-2: Fly out, F8 (Flyball, 8RS)
Batting: RHB Santo Cruz 0-0: Called Strike
0-1: Called Strike
0-2: Ball
1-2: SINGLE (Line Drive, 6)
Pablo Rivas to second
Batting: LHB António Camacho 0-0: Foul Ball, location: 2F
0-1: Ball
1-1: Foul Ball, location: 2F
1-2: Ball
2-2: Foul Ball, location: 2F
2-2: SINGLE (Line Drive, 5D)
Pablo Rivas to third
Santo Cruz to second
Batting: RHB Victor Andrews 0-0: Called Strike
0-1: Grounds into double play, 5-4-3 (Groundball, 5)
Bottom of the 3rd over - 0 run(s), 2 hit(s), 0 error(s), 2 left on base; District 9 1 - Houston 3
TOP OF THE 4TH
District 9 Prawns batting - Pitching for Houston Hammertime : RHP Jun Kawashima
Batting: LHB Leonard Young 0-0: DOUBLE (Line Drive, 9LM)
Batting: RHB Jesús Cruz 0-0: Fly out, F8 (Flyball, 8RD)
Runner from 2nd tags up, SAFE at 3rd, no throw
Batting: RHB Reynold Akker 0-0: Ball
1-0: DOUBLE (Flyball, 78M)
Leonard Young scores
Batting: RHB Carlos Flores 0-0: Ball
1-0: Ball
2-0: Ball
3-0: Base on Balls
Batting: LHB Leonard Harvey 0-0: Called Strike
0-1: Ball
1-1: Ball
2-1: SINGLE (Line Drive, 8LS)
Reynold Akker to third
Carlos Flores to second
Batting: RHB Phil Jacobs 0-0: Ball
1-0: Ground out U3 (Groundball, 34S)
Reynold Akker scores
Carlos Flores to third
Leonard Harvey to second
Batting: SHB José Estreito 0-0: Called Strike
0-1: Fly out, F8 (Flyball, 8LXD)
Top of the 4th over - 2 run(s), 3 hit(s), 0 error(s), 2 left on base; District 9 3 - Houston 3
BOTTOM OF THE 4TH
Houston Hammertime batting - Pitching for District 9 Prawns : LHP Nelson Béltre
Batting: LHB Enrique Valentín 0-0: Ground out U3 (Groundball, 3)
Batting: RHB José García 0-0: Ball
1-0: SINGLE (Groundball, 4MD)
Batting: RHB David Hernández 0-0: Called Strike
0-1: Called Strike
0-2: Grounds into double play, 6-4-3 (Groundball, 6)
Bottom of the 4th over - 0 run(s), 1 hit(s), 0 error(s), 0 left on base; District 9 3 - Houston 3
TOP OF THE 5TH
District 9 Prawns batting - Pitching for Houston Hammertime : RHP Jun Kawashima
Batting: RHB José Colón 0-0: Called Strike
0-1: Ball
1-1: Swinging Strike
1-2: Ball
2-2: Foul Ball, location: 2F
2-2: Ground out U3 (Groundball, 3)
Batting: RHB Felipe Jareńo 0-0: Ball
1-0: Called Strike
1-1: Foul Ball, location: 2F
1-2: SOLO HOME RUN (Flyball, 7D), Distance : 354 ft
Batting: LHB Leonard Young 0-0: Swinging Strike
0-1: Ball
1-1: Ball
2-1: Called Strike
2-2: Strikes out swinging
Batting: RHB Jesús Cruz 0-0: Called Strike
0-1: Ball
1-1: Ground out 6-3 (Groundball, 6S)
Top of the 5th over - 1 run(s), 1 hit(s), 0 error(s), 0 left on base; District 9 4 - Houston 3
BOTTOM OF THE 5TH
Houston Hammertime batting - Pitching for District 9 Prawns : LHP Nelson Béltre
Batting: RHB Pedro Meza 0-0: Ball
1-0: Ball
2-0: Ball
3-0: Base on Balls
Batting: LHB Pablo Rivas 0-0: Ball
1-0: Fly out, F8 (Line Drive, 8RM)
Batting: RHB John Major 0-0: Called Strike
0-1: SINGLE (Line Drive, 89S)
Pedro Meza to second
Batting: RHB Santo Cruz 0-0: Fly out, F7 (Line Drive, 78M)
Batting: LHB António Camacho 0-0: Swinging Strike
0-1: Ball
1-1: Called Strike
1-2: Strikes out looking
Bottom of the 5th over - 0 run(s), 1 hit(s), 0 error(s), 2 left on base; District 9 4 - Houston 3
TOP OF THE 6TH
District 9 Prawns batting - Pitching for Houston Hammertime : RHP Jun Kawashima
Batting: RHB Reynold Akker 0-0: Ground out 6-3 (Groundball, 6)
Batting: RHB Carlos Flores 0-0: Called Strike
0-1: Foul Ball, location: 2F
0-2: Ball
1-2: Ball
2-2: Ball
3-2: Strikes out swinging
Batting: LHB Leonard Harvey 0-0: Called Strike
0-1: Ball
1-1: Foul Ball, location: 2F
1-2: Strikes out looking
Top of the 6th over - 0 run(s), 0 hit(s), 0 error(s), 0 left on base; District 9 4 - Houston 3
BOTTOM OF THE 6TH
Houston Hammertime batting - Pitching for District 9 Prawns : LHP Nelson Béltre
Batting: RHB Victor Andrews 0-0: Called Strike
0-1: Ball
1-1: Fly out, F6 (Line Drive, 6M)
Batting: LHB Enrique Valentín 0-0: Called Strike
0-1: Swinging Strike
0-2: Strikes out swinging
Batting: RHB José García 0-0: Foul Ball, location: 2F
0-1: Ball
1-1: Foul Ball, location: 2F
1-2: Ball
2-2: Foul Ball, location: 2F
2-2: Ground out 4-3 (Groundball, 4S)
Bottom of the 6th over - 0 run(s), 0 hit(s), 0 error(s), 0 left on base; District 9 4 - Houston 3
TOP OF THE 7TH
District 9 Prawns batting - Pitching for Houston Hammertime : RHP Jun Kawashima
Pitching: RHP António Sánchez
Batting: RHB Phil Jacobs 0-0: Swinging Strike
0-1: Called Strike
0-2: Strikes out swinging
Batting: SHB José Estreito 0-0: Called Strike
0-1: Ground out 4-3 (Groundball, 34)
Batting: RHB José Colón 0-0: Fly out, F7 (Flyball, 7S)
Top of the 7th over - 0 run(s), 0 hit(s), 0 error(s), 0 left on base; District 9 4 - Houston 3
BOTTOM OF THE 7TH
Houston Hammertime batting - Pitching for District 9 Prawns : LHP Nelson Béltre
Batting: RHB David Hernández 0-0: Ball
1-0: Swinging Strike
1-1: Fly out, F8 (Flyball, 8RM)
Batting: RHB Pedro Meza 0-0: Foul Ball, location: 2F
0-1: Ball
1-1: Ball
2-1: Ball
3-1: Base on Balls
Batting: LHB Pablo Rivas 0-0: Ball
1-0: Called Strike
1-1: Called Strike
1-2: Foul Ball, location: 2F
1-2: Fly out, F6 (Popup, 6D)
Pitching: RHP Clayton Hawkins
Pinch Hitting: LHB Pat Jones 0-0: Ball
1-0: Ball
2-0: Foul Ball, location: 2F
2-1: Swinging Strike
2-2: Fly out, F9 (Flyball, 9LM)
Bottom of the 7th over - 0 run(s), 0 hit(s), 0 error(s), 1 left on base; District 9 4 - Houston 3
TOP OF THE 8TH
District 9 Prawns batting - Pitching for Houston Hammertime : RHP António Sánchez
Now at 1B: Pat Jones
Batting: RHB Felipe Jareńo 0-0: Foul Ball, location: 2F
0-1: Foul Ball, location: 2F
0-2: Ball
1-2: Strikes out looking
Batting: LHB Leonard Young 0-0: Ball
1-0: Called Strike
1-1: Ball
2-1: Foul Ball, location: 2F
2-2: Strikes out swinging
Batting: RHB Jesús Cruz 0-0: Ball
1-0: Foul Ball, location: 2F
1-1: Ball
2-1: Foul Ball, location: 2F
2-2: Strikes out swinging
Top of the 8th over - 0 run(s), 0 hit(s), 0 error(s), 0 left on base; District 9 4 - Houston 3
BOTTOM OF THE 8TH
Houston Hammertime batting - Pitching for District 9 Prawns : RHP Clayton Hawkins
Now at 1B: Mike Davis
Now in LF: Al Bartlett
Batting: RHB Santo Cruz 0-0: Ball
1-0: Ball
2-0: Swinging Strike
2-1: Fly out, F9 (Line Drive, 9D)
Pitching: LHP Norberto Marerro
Batting: LHB António Camacho 0-0: Ball
1-0: Ball
2-0: Foul Ball, location: 2F
2-1: Ball
3-1: Foul Ball, location: 2F
3-2: Foul Ball, location: 2F
3-2: Base on Balls
Pitching: RHP Fernando Mendoza
Batting: RHB Victor Andrews 0-0: Ball
1-0: Foul Ball, location: 2F
1-1: Ground out 5-3 (Groundball, 5L)
António Camacho to second
Pitching: RHP Mike Stabler
Pinch Hitting: LHB Juan Cabańas 0-0: Fly out, F8 (Flyball, 78D)
Bottom of the 8th over - 0 run(s), 0 hit(s), 0 error(s), 1 left on base; District 9 4 - Houston 3
TOP OF THE 9TH
District 9 Prawns batting - Pitching for Houston Hammertime : RHP António Sánchez
Pitching: LHP Júlio Aguilar
Now in RF: Juan Cabańas
Batting: RHB Reynold Akker 0-0: Foul Ball, location: 2F
0-1: Ball
1-1: Ball
2-1: Called Strike
2-2: Strikes out swinging
Batting: RHB Carlos Flores 0-0: Ball
1-0: Foul Ball, location: 2F
1-1: Foul Ball, location: 2F
1-2: Ball
2-2: Ground out 1-3 (Groundball, 13S)
Batting: LHB Leonard Harvey 0-0: Called Strike
0-1: Ball
1-1: SINGLE (Groundball, 6MD)
Pinch Hitting: RHB Mal Snyder 0-0: Called Strike
0-1: Called Strike
0-2: Strikes out looking
Top of the 9th over - 0 run(s), 1 hit(s), 0 error(s), 1 left on base; District 9 4 - Houston 3
BOTTOM OF THE 9TH
Houston Hammertime batting - Pitching for District 9 Prawns : RHP Mike Stabler
Pitching: RHP Ignacio Morales
Now at SS: Boyd Pittman
Batting: RHB José García 0-0: Ball
1-0: Fly out, F8 (Flyball, 8LM)
Batting: RHB David Hernández 0-0: Foul Ball, location: 2F
0-1: Called Strike
0-2: Strikes out looking
Batting: RHB Pedro Meza 0-0: Foul Ball, location: 2F
0-1: Ball
1-1: Foul Ball, location: 2F
1-2: Strikes out swinging
Bottom of the 9th over - 0 run(s), 0 hit(s), 0 error(s), 0 left on base; District 9 4 - Houston 3
Tuesday, August 8th, 2017 - OOTP Baseball 17.12 Build 75